[Event "Titled Tuesday Blitz June 6 Late 2023"]
[White "Skvortsov, Andrei"]
[Black "Fiorito, Francisco"]
[WhiteFideId "24108600"]
[BlackFideId "180165"]
[WhiteElo "2259"]
[BlackElo "2319"]
[Result "0-1"]
[Round "9"]
[TimeControl "180+2"]
[Date "2023.06.07"]
[WhiteClock "0:00:13"]
[BlackClock "0:00:52"]
[Board "35"]

1. e4 e5 2. d4 d6 3. dxe5 dxe5 4. Qxd8+ Kxd8 5. Bc4 f6 6. Nc3 c6 7. Nd1 b5 8. Bb3 a5 9. a3 Kc7 10. Ne3 Na6 11. f3 Nc5 12. Ba2 g6 13. Ne2 Bd6 14. Bd2 Ne7 15. Nc1 h5 16. Nd3 Rd8 17. Nxc5 Bxc5 18. Ke2 Bb6 19. Rad1 Ba6 20. Bc1 Rd4 21. c3 Rxd1 22. Kxd1 Rd8+ 23. Kc2 a4 24. Rd1 Rxd1 25. Kxd1 Bc8 26. Bf7 h4 27. h3 Kd6 28. Ng4 Bxg4 29. hxg4 g5 30. c4 Bd4 31. cxb5 cxb5 32. Kc2 Nc8 33. Be8 Na7 34. Bd2 Bc5 35. Bc3 Ke7 36. Bg6 Nc6 37. Bf5 Bd4 38. Bd2 Bc5 39. Bc8 Nd4+ 40. Kd3 Kd6 41. Ba6 Kc6 42. Ba5 Nxf3 43. Bd8 Ne1+ 44. Ke2 Nxg2 45. Kf3 Ne1+ 46. Ke2 h3 0-1


[Site "https://www.chess.com"]

[Event "Titled Tuesday Blitz June 6 Late 2023"]
[White "Sun, Rick"]
[Black "Streltsov, Alexey"]
[WhiteFideId "30909481"]
[BlackFideId "24104434"]
[WhiteElo "2169"]
[BlackElo "2572"]
[Result "1-0"]
[Round "9"]
[TimeControl "180+2"]
[Date "2023.06.07"]
[WhiteClock "0:00:09"]
[BlackClock "0:00:08"]
[Board "36"]

1. e4 c6 2. d4 d5 3. f3 e6 4. Nc3 Bb4 5. a3 Bxc3+ 6. bxc3 dxe4 7. Be3 Nf6 8. Nh3 Nbd7 9. fxe4 Nxe4 10. Qg4 Nxc3 11. Qxg7 Qf6 12. Qxf6 Nxf6 13. Bd3 Nfd5 14. Bd2 Bd7 15. O-O Ke7 16. Nf4 Nxf4 17. Bxf4 Nd5 18. Bd2 b5 19. a4 a6 20. Bc1 h5 21. c4 bxc4 22. Ba3+ Ke8 23. Bxc4 Ne3 24. Rfc1 Nxc4 25. Rxc4 h4 26. Rb1 Rh5 27. Rb7 Rd5 28. Bc5 f6 29. Rc3 Kf7 30. Rh3 Rh8 31. Ra7 e5 32. dxe5 fxe5 33. Bb6 e4 34. Re3 Re8 35. a5 Kf6 36. Rxa6 Rd3 37. Ra7 Bf5 38. Rc7 Re5 39. Rxc6+ Re6 40. Rc7 Rxe3 41. Bxe3 Ra6 42. Bb6 e3 43. Kf1 Bd3+ 44. Ke1 Ra8 45. Rc3 Be4 46. g3 hxg3 47. hxg3 Bb7 48. Rxe3 Kf7 49. Kf2 Re8 50. Rc3 Re6 51. Rc7+ Re7 52. Rc5 Re6 53. g4 Rf6+ 54. Kg3 Re6 55. Kh4 Kg6 56. Rg5+ Kh6 57. Rh5+ Kg6 58. Rc5 Kf6 59. Rc7 Ba6 60. Ra7 Be2 61. Bd4+ Kg6 62. Rg7+ Kh6 63. g5# 1-0


[Site "https://www.chess.com"]

[Event "Titled Tuesday Blitz June 6 Late 2023"]
[White "WindWhistler11"]
[Black "Kleiman, Jake"]
[BlackFideId "2020041"]
[WhiteElo "2561"]
[BlackElo "2691"]
[Result "1-0"]
[Round "9"]
[TimeControl "180+2"]
[Date "2023.06.07"]
[WhiteClock "0:00:08"]
[BlackClock "0:00:01"]
[Board "37"]

1. Nf3 Nf6 2. g3 e6 3. d3 d5 4. Nbd2 g6 5. e4 Bg7 6. Bg2 O-O 7. O-O c5 8. Re1 Nc6 9. h4 a5 10. Qe2 a4 11. a3 b6 12. Nf1 dxe4 13. dxe4 Ba6 14. c4 Ng4 15. Bf4 Nge5 16. Bxe5 Nxe5 17. Nxe5 Bxe5 18. Rad1 Qc7 19. f4 Bd4+ 20. Kh1 Rad8 21. Nh2 Rd7 22. h5 Rfd8 23. e5 Bb7 24. Ng4 Kg7 25. h6+ Kh8 26. Nf6 Re7 27. Kh2 Bc6 28. Bh3 Qc8 29. Rd2 Rb7 30. Red1 b5 31. cxb5 Rxb5 32. Qg4 Rxb2 33. Qg5 Rxd2+ 34. Rxd2 Bg1+ 35. Kxg1 Rxd2 36. Nd7 Kg8 37. Qf6 Qf8 38. Nxf8 Kxf8 39. Qh8+ Ke7 40. Qxh7 Rd1+ 41. Kf2 Rd2+ 42. Ke1 Rh2 43. Qg7 Bf3 44. h7 Re2+ 45. Kf1 1-0


[Site "https://www.chess.com"]

[Event "Titled Tuesday Blitz June 6 Late 2023"]
[White "Mieles Palau, Daniel"]
[Black "Matinian, Nikita"]
[WhiteFideId "3600467"]
[BlackFideId "24129100"]
[WhiteElo "2344"]
[BlackElo "2422"]
[Result "0-1"]
[Round "9"]
[TimeControl "180+2"]
[Date "2023.06.07"]
[WhiteClock "0:00:03"]
[BlackClock "0:00:04"]
[Board "38"]

1. b3 g6 2. Bb2 Nf6 3. e3 Bg7 4. Nf3 O-O 5. c4 d5 6. cxd5 Qxd5 7. Nc3 Qa5 8. Be2 c5 9. O-O Nc6 10. Rc1 Rd8 11. Na4 Ne4 12. Bxg7 Kxg7 13. d3 b6 14. Qc2 Nf6 15. d4 Bf5 16. Qb2 Rac8 17. dxc5 b5 18. Nc3 a6 19. a3 b4 20. Na4 bxa3 21. Qxa3 Nb4 22. Nd4 Bd3 23. Qa1 e5 24. Bxd3 Nxd3 25. Rcd1 Nxc5 26. Nxc5 Qxc5 27. Nf3 e4 28. Nd4 a5 29. h3 h5 30. Rd2 Rd5 31. Rc2 Qf8 32. Rfc1 Rxc2 33. Rxc2 Qd6 34. Rc6 Qe5 35. Qc3 g5 36. g3 Kg6 37. Kg2 Rd6 38. Rc5 Rd5 39. Rc6 g4 40. h4 Kg7 41. Rc8 Kg6 42. Qc6 Rxd4 43. exd4 Qf5 0-1


[Site "https://www.chess.com"]

[Event "Titled Tuesday Blitz June 6 Late 2023"]
[White "Shuvalova, Polina"]
[Black "Pinheiro, Iung Alicio de O."]
[WhiteFideId "24171760"]
[BlackFideId "2104350"]
[WhiteElo "2281"]
[BlackElo "2283"]
[Result "0-1"]
[Round "9"]
[TimeControl "180+2"]
[Date "2023.06.07"]
[WhiteClock "0:00:02"]
[BlackClock "0:00:08"]
[Board "39"]

1. e4 e5 2. Nf3 Nc6 3. Nc3 Nf6 4. Bc4 Nxe4 5. Nxe4 d5 6. Bb5 dxe4 7. Nxe5 Qd5 8. Nxc6 Qxb5 9. Nd4 Qg5 10. Rg1 Bg4 11. f3 Qh4+ 12. Kf1 Bc5 13. c3 Bxd4 14. Qa4+ c6 15. Qxd4 exf3 16. Qe4+ Kf8 17. b3 Qh5 18. Ba3+ Kg8 19. Re1 h6 20. gxf3 Bxf3 21. Qf4 Kh7 22. Re3 Bd5 23. Reg3 g5 24. Qf5+ Qg6 25. Qxg6+ Kxg6 26. h4 f6 27. c4 Be4 28. d3 Bf5 29. hxg5 hxg5 30. Bd6 Rad8 31. c5 Rh2 32. a4 Re8 33. Rxg5+ fxg5 34. Bxh2 Bxd3+ 35. Kf2 Re2+ 36. Kg3 Be4 37. Kh3 Kh5 38. Bd6 Re3+ 39. Rg3 g4+ 40. Kh2 Re2+ 41. Kg1 Bf3 42. Kf1 Rb2 43. Ke1 Rxb3 44. Kf2 Ra3 45. Rg1 Ra2+ 46. Ke3 Rxa4 47. Rc1 Ra3+ 48. Kf4 Kg6 49. Kg3 a5 50. Kf4 a4 51. Rb1 Rb3 52. Ra1 a3 53. Be5 Bd5 54. Bd4 Rf3+ 55. Ke5 Rd3 56. Rg1 a2 57. Rxg4+ Kh5 58. Rg1 Rb3 59. Ra1 Rb1 60. Bc3 Rb3 61. Kd4 Rb5 62. Bd2 Kg4 63. Bc3 Kf3 64. Rf1+ Ke2 65. Re1+ Kf2 66. Ra1 Bb3 67. Be1+ Ke2 68. Bc3 Bd5 69. Re1+ Kf2 70. Ra1 Rb3 71. Be1+ Kf3 72. Bc3 Ra3 73. Rf1+ Kg4 74. Rg1+ Kf5 75. Rf1+ Ke6 76. Re1+ Kd7 77. Ra1 Ra8 78. Re1 Rg8 79. Ra1 Rg4+ 80. Kd3 Rg3+ 81. Kd2 Ke6 82. Re1+ Kf5 83. Re5+ Kg4 84. Re1 Rg2+ 85. Kd3 Rg3+ 86. Kd2 Rf3 87. Rg1+ Kf5 88. Re1 Be4 89. Ra1 Bb1 90. Bb2 Ke4 91. Bg7 Kd5 92. Bb2 Kxc5 93. Ba3+ Kc4 94. Bb2 b5 95. Be5 c5 96. Kc1 Rf2 97. Bg3 Rg2 98. Bf4 b4 99. Be3 b3 100. Kd1 b2 101. Bc1 bxa1=Q 102. Ke1 Qe5+ 103. Kf1 Qe2# 0-1


[Site "https://www.chess.com"]

[Event "Titled Tuesday Blitz June 6 Late 2023"]
[White "Skatchkov, Pavel"]
[Black "Jaskolka, Tomasz"]
[WhiteFideId "4121848"]
[BlackFideId "1170791"]
[WhiteElo "2476"]
[BlackElo "2155"]
[Result "1-0"]
[Round "9"]
[TimeControl "180+2"]
[Date "2023.06.07"]
[WhiteClock "0:01:07"]
[BlackClock "0:00:15"]
[Board "40"]

1. d4 d5 2. c4 e5 3. dxe5 d4 4. Nf3 Nc6 5. g3 Nge7 6. Bg2 Ng6 7. O-O Ngxe5 8. Nxe5 Nxe5 9. Na3 Bc5 10. Nc2 a5 11. b3 O-O 12. Bb2 Nc6 13. Bxc6 bxc6 14. Bxd4 Bxd4 15. Qxd4 Qe7 16. Ne3 Rd8 17. Qf4 a4 18. Rad1 Bh3 19. Rfe1 axb3 20. axb3 Qb4 21. Qh4 Bd7 22. Nf5 Re8 23. Nxg7 Kxg7 24. Qd4+ Kg8 25. Qxd7 Qxb3 26. Qxc6 Rab8 27. Rd4 Qc3 28. Red1 Re6 29. Qxc7 Rbe8 30. e3 Rxe3 31. fxe3 Qxe3+ 32. Kg2 Qe2+ 33. Kh3 Qh5+ 34. Rh4 Qxd1 35. Rg4+ Kf8 36. Qc5+ Re7 37. Re4 Qd7+ 38. Kh4 f6 39. Qxe7+ Qxe7 40. Rxe7 Kxe7 41. Kh5 Kd6 42. Kh6 Kc5 43. Kxh7 Kxc4 44. Kg6 Kd4 45. Kxf6 Kd5 46. h4 Ke4 47. g4 Kf3 48. Kg5 Ke4 49. h5 Ke5 50. Kg6 Ke6 51. Kg7 Ke7 52. g5 1-0


[Site "https://www.chess.com"]

[Event "Titled Tuesday Blitz June 6 Late 2023"]
[White "Goryachkina, Aleksandra"]
[Black "Zhurbinsky, David"]
[WhiteFideId "4147103"]
[BlackFideId "2072904"]
[WhiteElo "2471"]
[BlackElo "2661"]
[Result "1-0"]
[Round "9"]
[TimeControl "180+2"]
[Date "2023.06.07"]
[WhiteClock "0:00:39"]
[BlackClock "0:00:03"]
[Board "41"]

1. e4 e5 2. Nf3 Nc6 3. Bc4 Bc5 4. c3 Nf6 5. d3 O-O 6. O-O d6 7. h3 a6 8. Bg5 h6 9. Bh4 g5 10. Bg3 Nh5 11. Kh2 Nf4 12. d4 Bb6 13. Na3 Qf6 14. Nc2 g4 15. Nh4 gxh3 16. gxh3 Nxh3 17. Ne3 Nf4 18. Rg1 Kh8 19. Nhf5 Bxf5 20. Nxf5 Ng6 21. Qh5 Nf4 22. Bxf4 exf4 23. Rg7 Qxg7 24. Nxg7 Kxg7 25. Rg1+ Kh7 26. Qf5+ Kh8 27. Qf6+ Kh7 28. Qg7# 1-0


[Site "https://www.chess.com"]

[Event "Titled Tuesday Blitz June 6 Late 2023"]
[White "Ibadov, Dashgyn"]
[Black "Jovic, Stanoje"]
[WhiteFideId "24107514"]
[BlackFideId "905020"]
[WhiteElo "2208"]
[BlackElo "2236"]
[Result "0-1"]
[Round "9"]
[TimeControl "180+2"]
[Date "2023.06.07"]
[WhiteClock "0:00:01"]
[BlackClock "0:00:11"]
[Board "42"]

1. e4 c6 2. d4 d5 3. exd5 cxd5 4. Bd3 Nc6 5. c3 g6 6. h3 Nh6 7. Nf3 f6 8. O-O Nf7 9. Re1 Bg7 10. b3 O-O 11. c4 dxc4 12. Bxc4 e5 13. dxe5 Qxd1 14. Rxd1 Nxe5 15. Nxe5 fxe5 16. Bb2 Bf5 17. Nc3 Rfd8 18. Nd5 Nd6 19. Ne7+ Kh8 20. Bd5 Rab8 21. Nxf5 Nxf5 22. Rac1 Nd4 23. Be4 Ne2+ 24. Kh2 Nxc1 25. Rxc1 Rbc8 26. Re1 Rd2 27. Bc1 Rxf2 28. Bxb7 Rb8 29. Bd5 Rxa2 30. Be3 Rd8 31. Bc4 Bf6 32. Rf1 Kg7 33. Kg3 h5 34. h4 a5 35. Kh3 Rc2 36. Bb6 Ra8 37. Rd1 a4 38. Rd7+ Kh8 39. Bd3 Rc3 40. Kh2 a3 41. Be4 a2 42. Bxa8 a1=Q 0-1


[Site "https://www.chess.com"]

[Event "Titled Tuesday Blitz June 6 Late 2023"]
[White "Chabris, Christopher"]
[Black "Santos Flores, Alberto"]
[WhiteFideId "2005263"]
[BlackFideId "3601234"]
[WhiteElo "2423"]
[BlackElo "2235"]
[Result "1/2-1/2"]
[Round "9"]
[TimeControl "180+2"]
[Date "2023.06.07"]
[WhiteClock "0:00:08"]
[BlackClock "0:00:17"]
[Board "43"]

1. e4 c5 2. Nf3 Nc6 3. Bb5 g6 4. Bxc6 dxc6 5. d3 Bg4 6. Nbd2 Bg7 7. h3 Bxf3 8. Qxf3 e5 9. a4 a5 10. Nc4 Qc7 11. Be3 b6 12. O-O Nf6 13. c3 O-O 14. b4 axb4 15. cxb4 b5 16. axb5 cxb5 17. Bxc5 bxc4 18. Bxf8 Rxf8 19. Rfc1 c3 20. Ra3 Rc8 21. b5 Nd7 22. Raxc3 Qxc3 23. Rxc3 Rxc3 24. Qe3 Bf8 25. Qa7 Nc5 26. b6 Rb3 27. Qc7 f6 28. Qc6 Kg7 29. Qc7+ Kg8 30. Qc6 Kg7 31. Qc7+ Kg8 1/2-1/2


[Site "https://www.chess.com"]

[Event "Titled Tuesday Blitz June 6 Late 2023"]
[White "Wagner, Dennis"]
[Black "Krsnik Cohar, Ivan Vihor"]
[WhiteFideId "24650684"]
[BlackFideId "14520044"]
[WhiteElo "2478"]
[BlackElo "2414"]
[Result "1-0"]
[Round "9"]
[TimeControl "180+2"]
[Date "2023.06.07"]
[WhiteClock "0:01:01"]
[BlackClock "0:00:23"]
[Board "44"]

1. d4 Nf6 2. Nf3 e6 3. c4 c5 4. g3 cxd4 5. Nxd4 Nc6 6. Bg2 Bb4+ 7. Bd2 Qb6 8. Nb3 O-O 9. O-O d5 10. Bxb4 Qxb4 11. cxd5 exd5 12. Qd2 Bf5 13. Qxb4 Nxb4 14. Nd4 Be4 15. Nc3 Rfd8 16. Rfd1 Rac8 17. Rac1 Kf8 18. f3 Bg6 19. Bh3 Rc4 20. b3 Rc5 21. Ncb5 Rxc1 22. Rxc1 a6 23. a3 Nd3 24. exd3 axb5 25. Bf1 b4 26. axb4 Rd7 27. Rc8+ Ke7 28. Bh3 Rd8 29. Rc7+ Kd6 30. Nb5+ Ke5 31. d4# 1-0


[Site "https://www.chess.com"]

[Event "Titled Tuesday Blitz June 6 Late 2023"]
[White "Hajiyev, Kanan"]
[Black "Papp, Levente"]
[WhiteFideId "13404148"]
[BlackFideId "751243"]
[WhiteElo "2115"]
[BlackElo "2380"]
[Result "0-1"]
[Round "9"]
[TimeControl "180+2"]
[Date "2023.06.07"]
[WhiteClock "0:00:01"]
[BlackClock "0:00:26"]
[Board "45"]

1. d4 e6 2. c4 b6 3. Nf3 Bb7 4. g3 Nf6 5. Bg2 Be7 6. O-O O-O 7. Nc3 Ne4 8. Bd2 f5 9. Rc1 Bf6 10. Be1 a5 11. d5 Na6 12. Nxe4 fxe4 13. Nd4 exd5 14. cxd5 Bxd5 15. Bc3 Nc5 16. Nf5 Bxa2 17. g4 Bxc3 18. Rxc3 Be6 19. Ne3 Qg5 20. h3 h5 21. f4 exf3 22. Bxf3 Rae8 23. Kh2 hxg4 24. Nxg4 Bxg4 25. Bxg4 Qe5+ 26. Kg2 Qe4+ 27. Bf3 Qg6+ 28. Bg4 Rxf1 29. Qxf1 Rf8 30. Rf3 Qc6 31. Kh2 Qd6+ 32. Kg2 Re8 33. Rf5 Ne4 34. Qf3 Nf6 35. Rg5 Re5 0-1


[Site "https://www.chess.com"]

[Event "Titled Tuesday Blitz June 6 Late 2023"]
[White "Fiorito, Joaquin"]
[Black "Liu, Casper"]
[WhiteFideId "180173"]
[BlackFideId "1454153"]
[WhiteElo "2199"]
[BlackElo "2221"]
[Result "0-1"]
[Round "9"]
[TimeControl "180+2"]
[Date "2023.06.07"]
[WhiteClock "0:00:03"]
[BlackClock "0:00:21"]
[Board "46"]

1. d4 Nf6 2. c4 g6 3. Nc3 d5 4. Nf3 Bg7 5. h4 h5 6. Bg5 Ne4 7. Nxd5 Nxg5 8. hxg5 c6 9. Nc3 Bg4 10. e3 Qa5 11. Be2 Bxf3 12. Bxf3 Qxg5 13. Qb3 b6 14. c5 O-O 15. cxb6 axb6 16. Qxb6 Qf6 17. O-O Rc8 18. Ne4 Qf5 19. Nc5 Nd7 20. Nxd7 Qxd7 21. b3 e5 22. dxe5 Bxe5 23. Rad1 Qe6 24. Rd2 Bc3 25. Rc2 Ba5 26. Qc5 Bc7 27. Rfc1 Bd6 28. Qd4 c5 29. Qh4 Ra7 30. Rd1 Be7 31. Qf4 Rd7 32. Rxd7 Qxd7 33. Qc4 Rd8 34. a4 Qf5 35. a5 g5 36. Rc1 g4 37. Be4 Qf6 38. a6 Rd2 39. Rf1 Ra2 40. b4 Qxa6 41. b5 Qa4 42. Qd5 Ra1 43. g3 Rxf1+ 44. Kxf1 Qxb5+ 45. Bd3 Qa4 46. Qxh5 Qd1+ 47. Kg2 Qxd3 48. Qxg4+ Kf8 49. Qc8+ Qd8 50. Qc6 Qd6 51. Qc8+ Bd8 52. g4 Qd5+ 53. Kg3 c4 54. f4 Qd3 55. Qc5+ Be7 56. Qc8+ Kg7 57. Kf3 c3 58. g5 c2 59. f5 Qd1+ 60. Ke4 c1=Q 61. f6+ Bxf6 62. gxf6+ Kxf6 63. Qf5+ Ke7 64. Qe5+ Kd7 65. Qf5+ Kc6 66. Qc8+ Kb5 67. Qb7+ Kc4 68. Qc6+ Kb3 69. Qb5+ Kc2 70. Qc4+ Kd2 71. Qd3+ Ke1 72. Qb5 Qb1+ 0-1


[Site "https://www.chess.com"]

[Event "Titled Tuesday Blitz June 6 Late 2023"]
[White "Mei, Austin"]
[Black "Omranalhosani21"]
[WhiteFideId "30948479"]
[WhiteElo "2125"]
[BlackElo "2613"]
[Result "1-0"]
[Round "9"]
[TimeControl "180+2"]
[Date "2023.06.07"]
[WhiteClock "0:00:06"]
[BlackClock "0:00:02"]
[Board "47"]

1. e4 c5 2. Nf3 a6 3. c4 d6 4. Nc3 g6 5. d4 cxd4 6. Nxd4 Bg7 7. Be3 Nf6 8. Be2 O-O 9. O-O b6 10. f3 Bb7 11. Rc1 Nbd7 12. Qd2 Rc8 13. Rfd1 Ne5 14. b3 Nc6 15. Nc2 Ne5 16. a4 Nfd7 17. Nd4 Nc5 18. b4 Ne6 19. Nd5 Nd7 20. Nb3 Bc6 21. Qa2 a5 22. bxa5 bxa5 23. c5 dxc5 24. Nxc5 Nexc5 25. Rxc5 Qe8 26. Rcc1 Bxd5 27. Qxd5 Rxc1 28. Rxc1 Nf6 29. Qxa5 Nh5 30. Qb5 Qd8 31. a5 Bd4 32. Qd3 Nf4 33. Qd2 Ba7 34. Kf1 Qxd2 35. Bxd2 Nxe2 36. Kxe2 Rd8 37. Be3 Bb8 38. a6 Bxh2 39. a7 Ra8 40. Rb1 Bd6 41. Rb7 Kg7 42. Bd4+ f6 43. Kd3 Kf7 44. Kc4 Ke6 45. Kb5 Rc8 46. Rb8 Bxb8 47. a8=Q Rd8 48. Qc6+ Bd6 49. Bc5 Rb8+ 50. Ka4 Rd8 51. Bxd6 Rxd6 52. Qc8+ Kf7 53. Qh8 Rd4+ 54. Kb3 g5 55. Qxh7+ Ke6 56. Qf5+ Kf7 57. e5 Rd5 58. e6+ Kg7 59. Qxd5 1-0


[Site "https://www.chess.com"]

[Event "Titled Tuesday Blitz June 6 Late 2023"]
[White "Domingo Nunez, Alejandro"]
[Black "Yeritsyan, Hayk"]
[WhiteFideId "22245561"]
[BlackFideId "13307320"]
[WhiteElo "2291"]
[BlackElo "2497"]
[Result "1-0"]
[Round "9"]
[TimeControl "180+2"]
[Date "2023.06.07"]
[WhiteClock "0:01:17"]
[BlackClock "0:00:06"]
[Board "48"]

1. g4 d5 2. Bg2 Bxg4 3. c4 c6 4. Qb3 e6 5. Qxb7 Nd7 6. Nc3 Ngf6 7. Qxc6 Rc8 8. Qa4 Rxc4 9. Qxa7 Bc5 10. Qa6 O-O 11. b3 Rb4 12. Ba3 Rb6 13. Qa5 Qa8 14. Qxa8 Rxa8 15. Bb2 h6 16. e3 Ne5 17. d4 Nd3+ 18. Kd2 Nxb2 19. dxc5 Rxb3 20. axb3 Rxa1 21. Nge2 Bxe2 22. Rxa1 Bd3 23. Ra2 1-0


[Site "https://www.chess.com"]

[Event "Titled Tuesday Blitz June 6 Late 2023"]
[White "ATM622"]
[Black "Barria Santos, Jose Guilherme"]
[BlackFideId "1939300"]
[WhiteElo "2589"]
[BlackElo "2266"]
[Result "0-1"]
[Round "9"]
[TimeControl "180+2"]
[Date "2023.06.07"]
[WhiteClock "0:00:01"]
[BlackClock "0:00:50"]
[Board "49"]

1. d4 Nf6 2. c4 g6 3. g3 Bg7 4. Bg2 O-O 5. Nf3 d6 6. O-O Nc6 7. Nc3 Bf5 8. d5 Na5 9. Nd2 c5 10. e4 Bd7 11. f4 Ng4 12. Nf3 Nxc4 13. h3 Nf6 14. Qe2 Nb6 15. e5 Nfxd5 16. Nxd5 Nxd5 17. Ng5 Bc6 18. Rd1 e6 19. Ne4 dxe5 20. fxe5 Bxe5 21. Nxc5 Qf6 22. Ne4 Qg7 23. h4 f5 24. Ng5 Rae8 25. Kh2 f4 26. Re1 fxg3+ 27. Kh1 Qh6 28. Qxe5 Qxh4+ 29. Nh3 Nf4 30. Re4 Nxh3 31. Bh6 Nf4+ 32. Kg1 Ne2+ 33. Rxe2 Qh2# 0-1


[Site "https://www.chess.com"]

[Event "Titled Tuesday Blitz June 6 Late 2023"]
[White "Balla, Tamas-Kristof"]
[Black "Melian, Juan Sebastian"]
[WhiteFideId "1208497"]
[BlackFideId "3706575"]
[WhiteElo "2334"]
[BlackElo "2092"]
[Result "1/2-1/2"]
[Round "9"]
[TimeControl "180+2"]
[Date "2023.06.07"]
[WhiteClock "0:00:48"]
[BlackClock "0:00:16"]
[Board "50"]

1. e4 c5 2. Nf3 e6 3. c3 Nf6 4. e5 Nd5 5. d4 cxd4 6. cxd4 d6 7. a3 Nd7 8. Bd3 b6 9. O-O Bb7 10. Qe2 Be7 11. Rd1 O-O 12. Qe4 g6 13. Bh6 Re8 14. Qe2 Rc8 15. Nbd2 Bf8 16. Bxf8 Nxf8 17. Ne4 Nf4 18. Qe3 Nxd3 19. Rxd3 Bxe4 20. Qxe4 dxe5 21. dxe5 Qc7 22. Rad1 Rcd8 23. h3 Rxd3 24. Qxd3 Re7 25. Qe3 Rd7 26. Rc1 Qd8 27. Ng5 Rd1+ 28. Rxd1 Qxd1+ 29. Kh2 h6 30. Ne4 Kg7 31. Nf6 Nd7 32. Ng4 g5 33. f4 h5 34. Nf6 Nxf6 35. exf6+ Kxf6 36. Qe5+ Ke7 37. Qxg5+ Kd7 1/2-1/2


[Site "https://www.chess.com"]

[Event "Titled Tuesday Blitz June 6 Late 2023"]
[White "Przybylski, Wojciech"]
[Black "Riff, Jean-Noel"]
[WhiteFideId "1117599"]
[BlackFideId "611190"]
[WhiteElo "2228"]
[BlackElo "2479"]
[Result "1-0"]
[Round "9"]
[TimeControl "180+2"]
[Date "2023.06.07"]
[WhiteClock "0:01:40"]
[BlackClock "0:01:02"]
[Board "51"]

1. e4 e5 2. Nf3 Nc6 3. Bb5 a6 4. Ba4 Nf6 5. O-O Be7 6. Re1 b5 7. Bb3 d6 8. c3 O-O 9. d4 Bg4 10. a4 Nd7 11. a5 exd4 12. cxd4 Bf6 13. Be3 Bxf3 14. gxf3 Ne7 15. f4 Ng6 16. e5 Bh4 17. Qh5 dxe5 18. dxe5 Kh8 19. Nc3 c6 20. Rad1 Qe7 21. Ne4 Rad8 22. Nd6 Ndxe5 23. fxe5 Nxe5 24. Nf5 Qf6 25. Nxh4 Qxh4 26. Qxe5 Rde8 27. Qg3 1-0


[Site "https://www.chess.com"]

[Event "Titled Tuesday Blitz June 6 Late 2023"]
[White "Becerra, Juan David"]
[Black "Alexikov, Alexander"]
[WhiteFideId "4404998"]
[BlackFideId "14103958"]
[WhiteElo "2304"]
[BlackElo "2186"]
[Result "1-0"]
[Round "9"]
[TimeControl "180+2"]
[Date "2023.06.07"]
[WhiteClock "0:00:45"]
[BlackClock "0:00:10"]
[Board "52"]

1. e4 c5 2. d4 d6 3. c3 Nf6 4. Bd3 Nc6 5. d5 Ne5 6. Bc2 c4 7. h3 Qc7 8. f4 Ned7 9. Nf3 g6 10. O-O Bg7 11. Re1 O-O 12. Be3 Nc5 13. Bf2 b5 14. a4 bxa4 15. Na3 Nb3 16. Rb1 Rb8 17. Qe2 Ba6 18. Nd4 Rb7 19. Nc6 e6 20. Nb4 Rxb4 21. cxb4 exd5 22. exd5 Nxd5 23. b5 Bb7 24. Qxc4 Qxc4 25. Nxc4 Rd8 26. Nxd6 Rxd6 27. Re8+ Bf8 28. Bxb3 Nf6 29. Rxf8+ Kg7 30. Bxa4 Re6 31. Rb8 Be4 32. Re1 Nd5 33. Bd4+ Kh6 34. Bb3 f5 35. Bxd5 Bxd5 36. Rxe6 Bxe6 37. Bxa7 1-0


[Site "https://www.chess.com"]

[Event "Titled Tuesday Blitz June 6 Late 2023"]
[White "Moral Garcia, Serafin"]
[Black "Boder, Jan"]
[WhiteFideId "2201925"]
[BlackFideId "16243226"]
[WhiteElo "2274"]
[BlackElo "2241"]
[Result "1-0"]
[Round "9"]
[TimeControl "180+2"]
[Date "2023.06.07"]
[WhiteClock "0:00:36"]
[BlackClock "0:00:35"]
[Board "53"]

1. c4 e5 2. Nc3 Nf6 3. Nf3 e4 4. Ng5 b5 5. d3 exd3 6. cxb5 a6 7. Qxd3 axb5 8. Qxb5 Ba6 9. Qb3 d5 10. Bf4 h6 11. Nf3 Bd6 12. Bxd6 Qxd6 13. Rd1 Bc4 14. Qb7 Qa6 15. Qxa6 Rxa6 16. b3 d4 17. Nxd4 Be6 18. Nxe6 Rxe6 19. e3 O-O 20. Bc4 Re5 21. Ke2 Nbd7 22. Nd5 c6 23. Nxf6+ Nxf6 24. Rd6 c5 25. Rhd1 Ne4 26. R6d3 Rfe8 27. f3 Nf6 28. Kf2 Kh7 29. Bxf7 R8e7 30. Bc4 g5 31. a4 g4 32. f4 Rh5 33. Kg1 g3 34. h3 Kg7 35. a5 Ne4 36. Rd7 Kf6 37. Rxe7 Kxe7 38. a6 Nd6 39. a7 1-0


[Site "https://www.chess.com"]

[Event "Titled Tuesday Blitz June 6 Late 2023"]
[White "Rangel, Daniel"]
[Black "Alex_Sahakyan2006"]
[WhiteFideId "2124475"]
[WhiteElo "2231"]
[BlackElo "2672"]
[Result "0-1"]
[Round "9"]
[TimeControl "180+2"]
[Date "2023.06.07"]
[WhiteClock "0:00:01"]
[BlackClock "0:00:10"]
[Board "54"]

1. d4 Nf6 2. c4 e6 3. Nc3 Bb4 4. e3 O-O 5. Ne2 d5 6. a3 Be7 7. cxd5 exd5 8. Nf4 c6 9. Bd3 Nbd7 10. Qc2 Re8 11. Bd2 Nf8 12. O-O Bg4 13. f3 Bd7 14. Be1 Qb6 15. Bf2 Bd6 16. g3 Re7 17. e4 dxe4 18. fxe4 Ng4 19. e5 Bb8 20. Rad1 a5 21. Ne4 Ba7 22. Bc4 Nxf2 23. Rxf2 Rd8 24. Nh5 Ng6 25. Nd6 Be6 26. Bxe6 fxe6 27. Nf4 Rf8 28. Kg2 Nxe5 29. Rdf1 Ng4 30. Nxe6 Rxf2+ 31. Rxf2 Ne3+ 32. Kh3 Rxe6 33. Qe2 Qd8 34. Qf3 Qf6 0-1


[Site "https://www.chess.com"]

[Event "Titled Tuesday Blitz June 6 Late 2023"]
[White "Veiga, Jose Francisco R P Neves"]
[Black "Filgueira, Hernan"]
[WhiteFideId "1930087"]
[BlackFideId "101770"]
[WhiteElo "2319"]
[BlackElo "2363"]
[Result "0-1"]
[Round "9"]
[TimeControl "180+2"]
[Date "2023.06.07"]
[WhiteClock "0:00:13"]
[BlackClock "0:00:13"]
[Board "55"]

1. e4 d6 2. d4 Nf6 3. Nc3 e5 4. Nf3 Nbd7 5. g4 g6 6. g5 Nh5 7. h4 Bg7 8. Bc4 c6 9. Be3 b5 10. Bb3 a6 11. dxe5 dxe5 12. Qd6 Bb7 13. O-O-O Qe7 14. Qc7 Nf8 15. Qb6 Rc8 16. Bc5 Qc7 17. Qxc7 Rxc7 18. Bd6 Re7 19. Bxe7 Kxe7 20. Rd2 Bc8 21. Nd1 Ne6 22. Ne3 Nc5 23. Re2 Nf4 24. Ree1 a5 25. a3 Nxb3+ 26. cxb3 Nd3+ 27. Kd2 Nxe1 28. Rxe1 Be6 29. Kc2 h6 30. Rd1 h5 31. Rd3 Rc8 32. Ne1 f6 33. Nf3 Rd8 34. Rxd8 Kxd8 35. Nf1 f5 36. N1d2 Kc7 37. Ne1 Bf8 38. f3 Bc5 39. Nd3 Bd4 40. Nf1 f4 41. Nd2 Kd6 42. Nb1 Bh3 43. Nc3 Bg2 44. Ne1 Bf1 45. Nd1 Be2 46. Kd2 Bf1 47. Nc3 Be3+ 48. Kc2 Bf2 49. Kd2 Bxh4 50. Nd1 Bxg5 51. Nf2 Bh4 52. Ned3 Bxf2 53. Nxf2 h4 54. Ng4 h3 55. Nh2 Bg2 56. Kc3 Kc5 57. b4+ axb4+ 58. axb4+ Kb6 59. Kd3 g5 60. Kc3 c5 61. bxc5+ Kxc5 62. b4+ Kd6 63. Kd3 Bxf3 64. Nxf3 g4 65. Nh2 g3 66. Nf3 h2 67. Ke2 h1=Q 68. Ne1 g2 69. Kd2 g1=Q 70. Nd3 Qe3+ 71. Kc3 Qhc1+ 72. Kb3 Qc4+ 73. Kb2 Qd2+ 74. Ka1 Qca2# 0-1


[Site "https://www.chess.com"]

[Event "Titled Tuesday Blitz June 6 Late 2023"]
[White "Camilla_Lee"]
[Black "laziestwin"]
[WhiteElo "2501"]
[BlackElo "2649"]
[Result "0-1"]
[Round "9"]
[TimeControl "180+2"]
[Date "2023.06.07"]
[WhiteClock "0:02:08"]
[BlackClock "0:01:53"]
[Board "56"]

1. e4 c6 2. d4 d5 3. Nc3 dxe4 4. Nxe4 Nf6 5. Nxf6+ exf6 6. c3 Bd6 7. Bd3 O-O 8. Ne2 Re8 9. O-O Nd7 10. Ng3 Nf8 11. Bd2 Be6 12. Nf5 Bc7 13. Ne3 Qd7 14. Re1 f5 15. Nf1 f4 16. f3 Ng6 17. Qc2 Rad8 18. Re2 c5 19. Bxg6 hxg6 20. dxc5 Bf5 21. Qd1 Rxe2 22. Qxe2 Bd3 23. Qf2 Bxf1 24. Bxf4 Bxf4 25. Qxf1 Be3+ 26. Kh1 Bxc5 27. Re1 a6 28. Qc4 Bf8 29. Qe4 Qd5 30. Qe2 Qxa2 31. h3 Qd5 32. c4 Qd2 33. Qe4 Qxb2 34. f4 Qd4 35. Qxb7 Qxc4 36. Qf3 Qd3 37. Qxd3 Rxd3 38. Ra1 Rd6 39. Kg1 Rf6 40. g3 Bb4 41. Kg2 a5 42. Kf3 Ra6 43. Ra4 Kf8 44. Ke4 Ke7 45. Kd5 Kd7 46. g4 Rd6+ 47. Kc4 Kc6 48. Ra1 Re6 49. Kb3 Kb5 50. Rd1 Re3+ 51. Ka2 a4 52. Rd8 Re2+ 53. Kb1 a3 54. Ra8 Kc4 0-1


[Site "https://www.chess.com"]